 Dungeon Crawl Stone Soup version 0.28.0 (webtiles) character file.

Game seed: 1614383133006037557

14047 Hasart the Summoner (level 11, -5/85 HPs)
             Began as a Demigod Summoner on Feb 15, 2022.
             Slain by a wolf (7 damage)
             ... on level 2 of the Lair of Beasts.
             The game lasted 00:43:17 (14728 turns).

Hasart the Summoner (Demigod Summoner)             Turns: 14728, Time: 00:43:18

Health: -5/85      AC: 13    Str:  9    XL:     11   Next: 54%
Magic:  23/25      EV: 12    Int: 41    God:
Gold:   277        SH:  0    Dex: 14    Spells: 8/24 levels left

rFire   . . .      SeeInvis .   s - +3 short sword (elec)
rCold   . . .      Faith    .   (no shield)
rNeg    + . .      Spirit   .   E - +5 ring mail of Fecixoh {rN+ rCorr Stlth-}
rPois   +          Reflect  .   l - +0 helmet
rElec   .          Harm     .   a - +0 cloak {rPois}
rCorr   +          Rampage  .   (no gloves)
Will    +....                   (no boots)
Stlth   ++........              B - amulet of regeneration
HPRegen 1.04/turn               g - +6 ring of intelligence
MPRegen 0.19/turn               D - +6 ring of intelligence

@: lethally poisoned (-5 -> -5), swift, quick
A: high MP 1, forlorn, divine attributes
a: no special abilities


You were on level 2 of the Lair of Beasts.
You visited 2 branches of the dungeon, and saw 14 of its levels.

You collected 607 gold pieces.
You spent 330 gold pieces at shops.

Inventory:

Hand Weapons
 r - a +4 morningstar
 s - a +3 short sword of electrocution (weapon)
Armour
 a - a +0 cloak of poison resistance (worn)
 k - a +0 troll leather armour
 l - a +0 helmet (worn)
 E - the +5 ring mail of Fecixoh (worn) {rN+ rCorr Stlth-}
   (You found it on level 8 of the Dungeon)

   rN:        It protects you from negative energy.
   rCorr:     It protects you from acid and corrosion.
   Stlth:     It makes you less stealthy.
Jewellery
 g - a +6 ring of intelligence (left hand)
 j - a ring of resist corrosion
 t - a ring of magical power
 B - an amulet of regeneration (around neck)
 C - a +6 ring of strength
 D - a +6 ring of intelligence (right hand)
Wands
 q - a wand of flame (56)
 w - a wand of iceblast (15)
 F - a wand of paralysis (6)
Scrolls
 c - 4 scrolls of identify
 f - 3 scrolls of blinking
 h - a scroll of magic mapping
 n - a scroll of enchant armour {unknown}
 p - a scroll of fog {unknown}
 x - a scroll of amnesia
 y - 3 scrolls of torment
Potions
 b - 3 potions of lignification
 d - 4 potions of mutation
 e - 4 potions of heal wounds
 i - a potion of brilliance
 m - a potion of attraction
 o - 2 potions of berserk rage
 u - a potion of haste
 v - 3 potions of curing {unknown}
 z - a potion of flight
 A - a potion of invisibility {unknown}
 H - 2 potions of might


   Skills:
 + Level 4.9 Fighting
 + Level 4.7 Armour
 - Level 6.0 Dodging
 - Level 7.1 Stealth
 + Level 7.2 Spellcasting
 + Level 8.3 Summonings
 + Level 5.8 Ice Magic
 + Level 6.5 Air Magic


You had 8 spell levels left.
You knew the following spells:

 Your Spells              Type           Power      Damage    Failure   Level
a - Call Canine Familiar  Summ           70%        N/A       1%          3
c - Call Imp              Summ           70%        N/A       1%          2
d - Summon Lightning Spi  Summ/Air       66%        N/A       2%          4
e - Summon Ice Beast      Ice/Summ       65%        N/A       3%          4
q - Swiftness             Air            62%        N/A       1%          3

Your spell library contained the following spells:

 Spells                   Type           Power      Damage    Failure   Level
 Freeze                   Ice            100%       1d11      1%          1
 Summon Small Mammal      Summ           100%       N/A       1%          1
 Frozen Ramparts          Ice            100%       1d12      1%          3
 Ensorcelled Hibernation  Hex/Ice        76%        N/A       2%          2
 Summon Guardian Golem    Hex/Summ       49%        N/A       3%          3
 Pain                     Necr           56%        1d6       5%          1
 Passwall                 Tmut/Erth      11%        N/A       9%          2
 Inner Flame              Hex/Fire       14%        N/A       17%         3
 Hailstorm                Conj/Ice       38%        3d9       17%         4
 Ice Form                 Ice/Tmut       38%        N/A       17%         4
 Cause Fear               Hex            7%         N/A       50%         4
 Agony                    Necr           14%        N/A       83%         5
 Excruciating Wounds      Necr           7%         N/A       83%         5
 Storm Form               Tmut/Air       20%        N/A       100%        7
 Discord                  Hex            7%         N/A       100%        8
 Maxwell's Capacitive Co  Air            31%        ∞         100%        8


Dungeon Overview and Level Annotations

Branches:
Dungeon (12/15)            Temple (0/1) D:6            Lair (2/6) D:11
  Swamp: Lair:2-4    Shoals: Lair:2-4     Snake: Lair:2-4    Spider: Lair:2-4
    Orc: D:9-12

Shops:
D:1 :*?=   D:6 ?   D:8 [   D:10 **

Portals:
Trove: D:11 (give 5 scrolls of fear)

Annotations:
D:3 exclusion: oklob plant
D:8 3 runed translucent doors, t4s4d4r's ghost, novice KoAE
D:11 Nergalle
Lair:1 2 transporters, Jazqba's ghost, novice TrHu
Lair:2 1 runed translucent door


Innate Abilities, Weirdness & Mutations

You have an increased reservoir of magic. (+10% MP)
You shall have no god before yourself.
Your divine heritage dramatically boosts your attributes as you level up.


Message History

Found a wand of paralysis (1).
The black mamba closely misses you. The yak barely misses you.
The yak gores you but does no damage.
Found a scroll of vulnerability.
The yak gores you.
Unknown command.
Casting: Summon Ice Beast (dangerous; 3% risk of failure)
Confirm with . or Enter, or press ? or * to list all spells.
Okay, then.
Casting: Summon Ice Beast (dangerous; 3% risk of failure)
Confirm with . or Enter, or press ? or * to list all spells.
You feel quick. The black mamba closely misses you.
The water moccasin bites you.
You are poisoned.
The water moccasin poisons you! The yak gores you. The yak misses you.
The yak closely misses you. The black mamba bites you.
You are more poisoned.
The black mamba poisons you!
You feel extremely sick. The black mamba bites you!
The water moccasin bites you but does no damage.
The wolf bites you.
You feel very sick. The water moccasin barely misses you.
You feel very sick.
You feel very sick.
You feel very sick. The cane toad closely misses you.
The black mamba misses you.
You feel very sick. The cane toad barely misses you.
You feel sick. The yak gores you.
* * * LOW HITPOINT WARNING * * *
You feel sick. The black mamba bites you!
* * * LOW HITPOINT WARNING * * *
You feel sick.
Found a runed translucent gate.
You feel sick. The wolf closely misses you.
There is a stone staircase leading up here.
Unknown command.
You feel sick. The black mamba closely misses you. The wolf spider hits you!
* * * LOW HITPOINT WARNING * * *
The wolf spider closely misses you. The wolf bites you!
You die...

...#### ##...#
##...... #....#
#.#.##.+##....#
#........Y....##
#.......Y......#
#../....YY#...##
#.........#...#
+###...ssFY.Y...##
.......@hS..h..##
.......Sh.h....#
..........?....#
.####.......###.#
#......#.# ##
..#####..## #.
##+# ..


You could see 2 wolf spiders, a black mamba, 6 yaks, a cane toad, a water
moccasin and 4 wolves.

Vanquished Creatures
  2 yaks
  2 bullfrogs
  2 wights (D:8)
  A killer bee (D:9)
  A howler monkey (D:9)
  2 centaur zombies
  A bullfrog zombie (D:7)
  An iguana (D:5)
  An orc wizard (D:3)
  An adder (D:3)
  2 gnolls (D:9)
  An adder skeleton (D:4)
  2 dart slugs
  3 orcs
  An endoplasm (D:1)
  2 giant cockroaches
  A goblin (D:1)
  2 hobgoblins (D:1)
  A jackal (D:3)
  A quokka (D:1)
  4 ball pythons
  2 bats
  2 frilled lizards (D:1)
  3 kobolds
  3 rats
44 creatures vanquished.

Vanquished Creatures (collateral kills)
  Josephine (D:11)
  A boulder beetle (D:11)
  A tengu warrior (D:8)
  2 two-headed ogres
  Sonja (Lair:1)
  Maurice (D:10)
  2 cane toads (Lair:1)
  2 gargoyles (D:11)
  A kobold demonologist (D:11)
  A komodo dragon (D:10)
  A troll (D:11)
  2 shadows
  3 wraiths (D:11)
  12 yaks
  3 wyverns
  Eustachio (D:6)
  2 acid dragons
  5 water moccasins
  An ice beast (D:7)
  3 sky beasts (D:6)
  4 black bears
  2 ogres
  2 centaurs
  A phantom (D:4)
  3 kobold brigands
  7 bullfrogs
  2 gnoll sergeants
  A wyvern zombie (D:7)
  4 scorpions
  2 killer bees (D:9)
  6 wights
  3 howler monkeys (D:9)
  An electric eel (D:7)
  6 centaur zombies
  A bullfrog zombie (D:6)
  2 jellies
  2 orc priests
  2 hounds
  A gnoll shaman (D:5)
  2 iguanas
  An orc wizard (D:8)
  Natasha (thrice) (D:2)
  Robin (D:2)
  A howler monkey zombie (D:6)
  10 gnolls
  6 adders
  A white imp (D:5)
  An ufetubus (D:6)
  A worm (D:3)
  A dart slug (D:1)
  16 orcs
  2 ball pythons
  7 endoplasms
  11 goblins
  8 hobgoblins
  4 jackals (D:3)
  16 kobolds
  A bat (D:1)
  2 frilled lizards
  2 rats
  A butterfly (D:6)
196 creatures vanquished.

Vanquished Creatures (others)
  33 fungi
  36 plants
69 creatures vanquished.

Grand Total: 309 creatures vanquished

Notes
Turn   | Place    | Note
-------+----------+-------------------------------------------
     0 | D:1      | Hasart the Demigod Summoner began the quest for the Orb.
     0 | D:1      | Reached XP level 1. HP: 14/14 MP: 5/5
   273 | D:1      | Found Cobbeuq's Book Shoppe.
   306 | D:1      | Reached XP level 2. HP: 10/20 MP: 4/7
   333 | D:1      | Learned a level 2 spell: Call Imp
   493 | D:1      | Found Xaqarch's Assorted Antiques.
   743 | D:1      | Found Dyler's Jewellery Emporium.
  1156 | D:1      | Found Kiqats's Magic Scroll Emporium.
  1485 | D:2      | Noticed Natasha
  1494 | D:2      | Killed Natasha
  1495 | D:2      | Reached XP level 3. HP: 6/26 MP: 2/9
  1748 | D:2      | Learned a level 3 spell: Call Canine Familiar
  1846 | D:2      | Reached skill level 4 in Summonings
  1861 | D:2      | Noticed Robin
  1928 | D:2      | Killed Robin
  1929 | D:2      | Reached XP level 4. HP: 25/33 MP: 5/10
  2022 | D:2      | Noticed Natasha
  2034 | D:2      | Killed Natasha
  2153 | D:2      | Noticed Natasha
  2167 | D:2      | Killed Natasha
  2923 | D:3      | Reached XP level 5. HP: 38/38 MP: 12/12
  2967 | D:3      | Noticed an oklob plant
  4437 | D:4      | Reached XP level 6. HP: 43/45 MP: 10/14
  4607 | D:4      | Learned a level 4 spell: Summon Lightning Spire
  4768 | D:4      | Reached skill level 5 in Summonings
  4937 | D:4      | Reached XP level 7. HP: 47/50 MP: 15/15
  5527 | D:5      | Entered Level 5 of the Dungeon
  6019 | D:5      | Reached skill level 1 in Air Magic
  6499 | D:6      | Found a staircase to the Ecumenical Temple.
  6903 | D:6      | Learned a level 4 spell: Summon Ice Beast
  6940 | D:6      | Found Paraczuss's Magic Scroll Boutique.
  7074 | D:6      | Reached XP level 8. HP: 57/57 MP: 17/17
  7161 | D:6      | Reached skill level 5 in Stealth
  7174 | D:6      | Noticed Eustachio
  7192 | D:6      | Killed Eustachio
  7193 | D:6      | Reached skill level 1 in Ice Magic
  7522 | D:7      | Reached skill level 5 in Dodging
  7799 | D:7      | Reached skill level 6 in Summonings
  8430 | D:7      | Reached XP level 9. HP: 37/62 MP: 20/20
  8468 | D:7      | Reached skill level 5 in Spellcasting
  8972 | D:1      | Bought an amulet of regeneration for 330 gold pieces
  9201 | D:8      | Learned a level 3 spell: Swiftness
  9303 | D:8      | Found a runed translucent gate.
  9346 | D:8      | Found Fusovven's Armour Emporium.
  9508 | D:8      | Noticed a tengu warrior
  9523 | D:8      | Killed a tengu warrior
  9625 | D:8      | Found a runed translucent gate.
  9626 | D:8      | Found a runed translucent gate.
  9781 | D:8      | Identified the +5 ring mail of Fecixoh {rN+ rCorr Stlth-}
  9885 | D:8      | Noticed t4s4d4r's ghost (novice KoAE)
 10469 | D:9      | Reached skill level 1 in Fighting
 10469 | D:9      | Reached skill level 1 in Armour
 10530 | D:9      | Reached skill level 7 in Summonings
 10608 | D:9      | Reached XP level 10. HP: 73/73 MP: 22/22
 11309 | D:10     | Entered Level 10 of the Dungeon
 11384 | D:10     | Found Zin's Purification Station.
 11570 | D:10     | Reached skill level 5 in Air Magic
 11626 | D:10     | Noticed a two-headed ogre
 11638 | D:10     | Killed a two-headed ogre
 12100 | D:10     | Noticed Maurice
 12114 | D:10     | Killed Maurice
 12348 | D:10     | Found Mavedd's Overcharged Wands.
 12776 | D:11     | Noticed a boulder beetle
 12880 | D:11     | Noticed a two-headed ogre
 12892 | D:11     | Killed a two-headed ogre
 12953 | D:11     | Noticed Nergalle
 13014 | D:11     | Reached skill level 5 in Ice Magic
 13171 | D:11     | You fall into a shaft and drop 1 floor!
 13220 | D:11     | Killed a boulder beetle
 13221 | D:11     | Reached XP level 11. HP: 83/83 MP: 15/24
 13638 | D:11     | Reached skill level 8 in Summonings
 13711 | D:11     | Noticed a sixfirhy
 13818 | D:11     | Found a portal to a secret trove of treasure.
 13861 | D:11     | Noticed Josephine
 13874 | D:11     | Killed Josephine
 13949 | D:11     | Found a staircase to the Lair.
 14105 | Lair:1   | Entered Level 1 of the Lair of Beasts
 14476 | Lair:1   | Noticed Sonja
 14495 | Lair:1   | Killed Sonja
 14702 | Lair:1   | Found a transporter.
 14704 | Lair:1   | Found a transporter.
 14709 | Lair:1   | Noticed Jazqba's ghost (novice TrHu)
 14709 | Lair:1   | Noticed a spriggan rider
 14712 | Lair:1   | You fall into a shaft and drop 1 floor!
 14727 | Lair:2   | Found a runed translucent gate.
 14728 | Lair:2   | HP: 2/85 [wolf spider (8)]
 14728 | Lair:2   | Slain by a wolf

Illustrated notes

Levels and vault maps discovered:
D:1:      lemuel_arrival_funnel, layout_basic, serial_shops, shop_fountains,
          nicolae_shop_competitors_out_of_business, shop, nicolae_shop_crystal,
          chequers_ecumenical_altar_island, roderic_st_hans_cross,
          minmay_octomino_e4
D:2:      layout_loops_ring, uniq_natasha, uniq_robin
D:3:      layout_basic, mainiacjoe_overflow_cross_hatched, tgw_fedhas
D:4:      layout_cave_pods, lemuel_blue_sif_altar,
          amcnicky_mini_corridor_feature, nicolae_figureground_sparkle
D:5:      layout_loops_cross, nicolae_qazlal_scattered_showers,
          hangedman_decor_opposing
D:6:      nicolae_cairo_tiling_very_big, layout_loops_cross, lemuel_round_altar,
          gammafunk_temple_overflow_statue, minmay_temple_entry_butterflies,
          serial_shops, nicolae_square_shop, uniq_eustachio
D:7:      layout_cave_pools, elyvilon_altar_5, nicolae_vehumet_altar_sigil,
          minmay_crystal_water
D:8:      layout_basic, gammafunk_ghost_icy, serial_shops, nicolae_shop_trees
D:9:      layout_stronghold, minmay_quadrilaterals
D:10:     layout_gridville, zin_purify, serial_co_window_serial,
          co_window_cross_1, co_window_corner_a, co_window_of_opportunity_a,
          co_window_of_opportunity_a, co_window_corner_a,
          co_window_of_opportunity_a, co_window_of_opportunity_a,
          co_window_of_opportunity_a, co_window_paths_b, co_window_corner_b,
          co_window_corner_ca, co_window_unsneaky_path_a, co_window_paths_e,
          glass_columns_b, glass_columns_c, glass_columns_c, glass_columns_a,
          nicolae_shop_overcharged_wands, uniq_maurice
D:11:     layout_irregular_city, due_lair_maze_entry_diamond,
          serial_column_ruins, column_ruins_open_small, column_ruins_open_small,
          column_ruins_columns_corner, column_ruins_columns_straight,
          column_ruins_open_small, column_ruins_grid_1, enter_trove_1,
          uniq_nergalle, uniq_grum, uniq_josephine
D:12:     layout_roguey, orc_0_dummy, nicolae_benzene_ring,
          kennysheep_vampire_church
Lair:1:   layout_concentric_octagons, serial_forest, infiniplex_forest_corner_2,
          infiniplex_forest_lined_corner, infiniplex_forest_corner_2,
          infiniplex_forest_lined_room_2, basic_altar,
          gammafunk_ghost_wrathful_warriors, lemuel_oklob_altar,
          lemuel_fruit_fields, uniq_sonja
Lair:2:   layout_roguey, gammafunk_ghost_necromancy,
          nicolae_lair_run_with_the_wolves

Skill      XL: |  1  2  3  4  5  6  7  8  9 10 11 |
---------------+----------------------------------+-----
Stealth        | 2 3 4 5 6 7 |  7.1
Dodging        | 2 3 4 5 6 |  6.0
Spellcasting   | 2 3 4 5 6 7 |  7.2
Summonings     | 4 5 6 7 8 |  8.3
Air Magic      | 2 3 4 5 6 |  6.5
Ice Magic      | 2 3 5 |  5.8
Fighting       | 1 3 4 |  4.9
Armour         | 1 3 4 |  4.7

Action                   |  1- 3 |  4- 6 |  7- 9 | 10-12 || total
-------------------------+-------+-------+-------+-------++-------
Melee: Dagger            |    53 |    25 |       |       ||    78
       Unarmed           |     5 |       |       |       ||     5
       Punch             |       |     1 |       |       ||     1
       Falchion          |       |    35 |       |       ||    35
       Short sword       |       |     4 |    43 |    34 ||    81
 Cast: Summon Small Mamm |    10 |       |       |       ||    10
       Call Imp          |     6 |     8 |     4 |     2 ||    20
       Call Canine Famil |     4 |    17 |    37 |    29 ||    87
       Summon Lightning  |       |       |     7 |    10 ||    17
       Summon Ice Beast  |       |       |    11 |    29 ||    40
       Swiftness         |       |       |       |     1 ||     1
  Use: Scroll            |       |       |       |    16 ||    16
 Stab: Sleeping          |     5 |     6 |     1 |       ||    12
Armor: Robe              |    20 |       |       |       ||    20
       Animal skin       |       |    13 |    16 |       ||    29
       Ring mail         |       |       |     5 |    29 ||    34
Dodge: Dodged            |    51 |    56 |    84 |    66 ||   257
